 Dungeon Crawl Stone Soup version 0.31.0-1-g2c135a008e (webtiles) character file.

Game seed: 3655856261726050591

30 qw the Shooter (level 3, -1/28 HPs)
             Began as a Djinni Hunter on Jan 24, 2024.
             Slain by a gnoll
             ... wielding a +0 whip
              (5 damage)
             ... on level 2 of the Dungeon.
             The game lasted 00:00:05 (981 turns).

qw the Shooter (Djinni Hunter)                       Turns: 981, Time: 00:00:06

Health: -1/28      AC:  5    Str: 10    XL:     3   Next: 37%
Gold:   112        EV: 11    Int: 10    God:
                   SH:  0    Dex: 18

rFire   + + .        a - +0 shortbow
rCold   x . .        (shield currently unavailable)
rNeg    . . .        d - +0 ring mail
rPois   inf          (no helmet)
rElec   .            (no cloak)
rCorr   .            (no gloves)
SInv    .            (boots unavailable)
Will    .....        (no amulet)
Stlth   +            (no ring)
HPRegen 0.24/turn    (no ring)
MPRegen 0.00/turn

%: infuse magic (-2 HP)
@: flying
A: sickness immunity, fire resistance 2, cold vulnerability 1, float, innate
caster, HP casting, extra vitality 1
a: no special abilities


You were on level 2 of the Dungeon.
You visited 1 branch of the dungeon, and saw 2 of its levels.

You collected 112 gold pieces.


Innate Abilities, Weirdness & Mutations

You are immune to sickness and miasma.
You are immune to poison.
Your flesh is very heat resistant. (rF++)
You are vulnerable to cold. (rC-)
You float through the air rather than walking.
You learn spells naturally, not from books.
Your magical power is your life essence.
You have superior vitality. (+4 MHP)


   Skills:
 - Level 2.2 Fighting
 - Level 4.0 Ranged Weapons
 + Level 0.2 Armour
 - Level 2.1 Dodging
 - Level 0.7 Stealth


You knew the following spells:

 Your Spells              Type           Power      Damage    Failure   Level
a - Sandblast             Erth           0%         2d4       69%         1
Your spell library was empty.

Inventory:

Hand Weapons
 a - a +0 shortbow (weapon)
Armour
 d - a +0 ring mail (worn)
 g - the +4 ring mail of Kuvaneck {Str+3}
   (You found it on level 2 of the Dungeon)

   Str+3:     It affects your strength (+3).
Jewellery
 b - a ring of protection from fire
Scrolls
 c - a scroll of noise {unknown}
Potions
 e - a potion of mutation {unknown}
 f - a potion of haste {unknown}

Dungeon Overview and Level Annotations

Branches:
Dungeon (2/15)

Altars:

Shops:
D:1 (


Message History

The gnoll hits you with a +0 whip!
Enter note:
968 ||| RETREEEEATING.
Enter note:
969 ||| RETREEEEATING.
Enter note:
970 ||| RETREEEEATING.
Enter note:
971 ||| RETREEEEATING.
Enter note:
972 ||| RETREEEEATING.
Enter note:
973 ||| RETREEEEATING.
Enter note:
974 ||| RETREEEEATING.
A kobold comes into view. It is wielding a +0 club.
You shoot an arrow.
The arrow hits the gnoll but does no damage.
Enter note:
Enter note:
976 ||| RETREEEEATING.
The gnoll closely misses you.
The kobold throws a stone.
The stone hits you but does no damage.
Enter note:
977 ||| RETREEEEATING.
The gnoll hits you with a +0 whip. The gnoll barely misses you.
Enter note:
978 ||| RETREEEEATING.
The gnoll hits you with a +0 whip.
979 ||| RETREEEEATING.
The gnoll hits you with a +0 whip. The gnoll attacks as it pursues you!
The gnoll hits you with a +0 whip.
Enter note:
980 ||| RETREEEEATING.
The gnoll hits you with a +0 whip.
Enter note:
981 ||| RETREEEEATING.
The gnoll attacks as it pursues you! The gnoll barely misses you.
The gnoll attacks as it pursues you! The gnoll hits you with a +0 whip.
You die...

#.........#....####
...#.................
# #...#####...###..
##### ##w.# ...
########..## ...
....K..K...# ...
....####..g###.# .
#.g.g.##.# #...g@##.#
#......#.#####
#............# ...
#.....##.###.### ..
#)....##.# #...## +#
. ########.#
###..##.# # #.#
##....#
#.########..###
#.......#......


You could see a ribbon worm, 4 gnolls and a kobold.

Vanquished Creatures
  A dart slug (D:1)
  2 ball pythons (D:1)
  4 endoplasms
  7 hobgoblins
  2 kobolds (D:1)
  2 bats (D:1)
  2 frilled lizards (D:1)
  2 goblins (D:1)
  4 rats (D:1)
26 creatures vanquished.

Notes
Turn   | Place    | Note
-------+----------+-------------------------------------------
     0 | D:1      | qw the Djinni Hunter began the quest for the Orb.
     0 | D:1      | Reached XP level 1. HP: 18/18 MP: 0/0
     0 | D:1      | 0 ||| qw: Version: 0.3-a-136-gdd3b4e8
     0 | D:1      | 0 ||| qw: Game counter: 1248
     0 | D:1      | 0 ||| qw: Melee chars always use a shield: true
     0 | D:1      | 0 ||| qw: God list: Okawaru
     0 | D:1      | 0 ||| qw: Allow faded altars: false
     0 | D:1      | 0 ||| qw: Do Orc after clearing Dungeon:15 true
     0 | D:1      | 0 ||| qw: Do second Lair branch before Depths: true
     0 | D:1      | 0 ||| qw: Lair rune preference: random
     0 | D:1      | 0 ||| qw: Goals: Normal
     0 | D:1      | 0 ||| PLANNING D:1-11
   117 | D:1      | Reached XP level 2. HP: 18/23 MP: 0/0
   374 | D:1      | Found Hualia Nall's Antique Weapon Boutique.
   380 | D:1      | 380 ||| SHOPLISTING runed sling (126 gold, have 54).
   413 | D:1      | Reached XP level 3. HP: 23/28 MP: 0/0
   413 | D:1      | Learned a level 1 spell: Sandblast
   415 | D:1      | Reached skill level 4 in Ranged Weapons
   774 | D:1      | 774 ||| UPGRADING to +0 ring mail.
   784 | D:1      | 784 ||| DROPPING +0 leather armour.
   785 | D:1      | 785 ||| DROPPING scroll of butterflies.
   903 | D:2      | Identified the +4 ring mail of Kuvaneck {Str+3}
   963 | D:2      | 963 ||| RETREEEEATING.
   964 | D:2      | 964 ||| RETREEEEATING.
   965 | D:2      | 965 ||| RETREEEEATING.
   967 | D:2      | 967 ||| RETREEEEATING.
   968 | D:2      | 968 ||| RETREEEEATING.
   969 | D:2      | 969 ||| RETREEEEATING.
   970 | D:2      | 970 ||| RETREEEEATING.
   971 | D:2      | 971 ||| RETREEEEATING.
   972 | D:2      | 972 ||| RETREEEEATING.
   973 | D:2      | 973 ||| RETREEEEATING.
   974 | D:2      | 974 ||| RETREEEEATING.
   976 | D:2      | 976 ||| RETREEEEATING.
   977 | D:2      | 977 ||| RETREEEEATING.
   978 | D:2      | 978 ||| RETREEEEATING.
   979 | D:2      | 979 ||| RETREEEEATING.
   979 | D:2      | HP: 6/28 [gnoll/+0 whip (4)]
   980 | D:2      | 980 ||| RETREEEEATING.
   981 | D:2      | 981 ||| RETREEEEATING.
   981 | D:2      | Slain by a gnoll

Levels and vault maps discovered:
D:1:      giann_wishing_wells, layout_basic, serial_shops, shop
D:2:      layout_basic, nrook_uturn

Skill      XL: |  1  2  3 |
---------------+----------+-----
Ranged Weapons | 4 |  4.0
Fighting       | |  2.2
Armour         | |  0.2
Dodging        | |  2.1
Stealth        | |  0.7

Action                     || total
---------------------------++-------
   Fire: Shortbow          ||    67
 Armour: Leather armour    ||    12
         Ring mail         ||     9
  Dodge: Dodged            ||    11

Table legend:
 A = Non-vault XP
 B = Vault XP
 C = Vault XP percentage of total XP
 D = Non-vault monster count
 E = Vault monster count
 F = Vault count percentage of total count
                 A         B        C        D         E       F
            +---------+---------+-------+---------+---------+-------
      Total |      44 |       0 |   0.0 |      26 |       0 |   0.0
            +---------+---------+-------+---------+---------+-------
        D:1 |      40 |       0 |   0.0 |      24 |       0 |   0.0
        D:2 |       4 |       0 |   0.0 |       2 |       0 |   0.0
            +---------+---------+-------+---------+---------+-------
